 Dungeon Crawl Stone Soup version 0.22.1-2-g9c5b331383 (webtiles) character file.

3011 Jynx the Geomancer (level 9, -17/45 HPs)
             Began as a Gargoyle Earth Elementalist on Nov 22, 2018.
             Was a Follower of Vehumet.
             Demolished by a two-headed ogre
             ... wielding a +0 giant spiked club
              (26 damage)
             ... on level 8 of the Dungeon.
             The game lasted 00:19:18 (8754 turns).

Jynx the Geomancer (Gargoyle Earth Elementalist)    Turns: 8754, Time: 00:19:19

Health: -17/45     AC: 10    Str: 13    XL:     9   Next: 84%
Magic:  15/18      EV: 12    Int: 17    God:    Vehumet [*.....]
Gold:   496        SH:  0    Dex: 13    Spells: 11/20 levels left

rFire    + . .     SeeInvis .   F - +3 short sword (venom)
rCold    . . .     Gourm    .   (no shield)
rNeg     + . .     Faith    .   G - +1 robe {rF+}
rPois    ∞         Spirit   .   (no helmet)
rElec    +         Reflect  .   (no cloak)
rCorr    .         Harm     .   (no gloves)
MR       .....                  s - +0 pair of boots
Stlth    ++........             a - amulet of the acrobat
HPRegen  0.15/turn              y - +2 ring of dexterity
MPRegen  0.16/turn              (no ring)

@: no status effects
A: negative energy resistance 1, electricity resistance, unbreathing,
petrification resistance, rot immunity, AC +6
a: Renounce Religion


You were on level 8 of the Dungeon.
You worshipped Vehumet.
Vehumet was aware of your devotion.
You were not hungry.

You visited 2 branches of the dungeon, and saw 9 of its levels.

You collected 496 gold pieces.

Inventory:

Hand Weapons
 F - a +3 short sword of venom (weapon)
Missiles
 b - 84 stones (quivered)
Armour
 s - a +0 pair of boots (worn)
 G - a +1 robe of fire resistance (worn)
 I - a +0 robe of cold resistance
Jewellery
 a - an amulet of the acrobat (around neck)
 n - an uncursed amulet of faith
 y - a +2 ring of dexterity (left hand)
 K - a +2 amulet of reflection {unknown}
Wands
 t - a wand of disintegration (3)
 J - a wand of paralysis (12)
Scrolls
 c - a scroll of remove curse {unknown}
 e - a scroll of noise {unknown}
 g - 2 scrolls of identify
 h - a scroll of amnesia {unknown}
 k - 3 scrolls of teleportation
 l - a scroll of fog {unknown}
 m - a scroll of random uselessness {unknown}
 q - 4 scrolls of magic mapping
 r - 2 scrolls of immolation {unknown}
 v - a scroll of enchant armour {unknown}
 w - a scroll of blinking {unknown}
 L - a scroll of summoning {unknown}
Potions
 f - 3 potions of flight
 i - a potion of resistance {unknown}
 j - 2 potions of haste
 o - a potion of heal wounds {unknown}
 p - 2 potions of lignification
 u - a potion of might
 x - 2 potions of agility
 z - a potion of curing {unknown}
 A - a potion of ambrosia {unknown}
 B - 3 potions of berserk rage {unknown}
 C - a potion of degeneration {unknown}
 D - a potion of cancellation {unknown}
 H - 2 potions of magic {unknown}
Comestibles
 d - 17 rations
 E - 11 chunks of flesh


   Skills:
 + Level 5.8 Short Blades
 - Level 1.5 Dodging
 - Level 2.1 Stealth
 + Level 6.4 Spellcasting
 - Level 0.7 Transmutations
 * Level 2.0 Fire Magic
 - Level 11.4 Earth Magic


You had 11 spell levels left.
You knew the following spells:

 Your Spells              Type           Power        Failure   Level  Hunger
a - Sandblast             Erth           #####.       1%          1    None
b - Passwall              Tmut/Erth      ####....     1%          2    None
c - Lee's Rapid Deconstr  Erth           #####.....   3%          5    #####..
d - Flame Tongue          Conj/Fire      #....        9%          1    None

Your spell library contained the following spells:

 Spells                   Type           Power        Failure   Level  Hunger
 Shock                    Conj/Air       #...         12%         1    None
 Stone Arrow              Conj/Erth      ###...       3%          3    ##.....
 Petrify                  Tmut/Erth      ####....     10%         4    ####...
 Throw Flame              Conj/Fire      #.....       12%         2    None
 Conjure Flame            Conj/Fire      #.......     24%         3    ##.....
 Inner Flame              Hex/Fire       #.......     24%         3    ##.....
 Sticky Flame             Conj/Fire      #.......     63%         4    ####...
 Fireball                 Conj/Fire      #.........   92%         5    #####..


Dungeon Overview and Level Annotations

Branches:
Dungeon (8/15)             Temple (1/1) D:7
   Lair: D:8-11

Altars:
Ashenzari
Elyvilon
Gozag
Kikubaaqudgha
Nemelex Xobeh
Okawaru
Qazlal
Trog
Uskayaw
Vehumet
Wu Jian
Xom
Yredelemnul
The Shining One

Annotations:
D:4 1 runed door


Innate Abilities, Weirdness & Mutations

You are resistant to torment.
Your stone body is resilient. (AC +6)
You are immune to poison.
You resist negative energy. (rN+)
You are resistant to electric shocks. (rElec)
You can survive without breathing.
You are immune to petrification.
You are immune to rotting.


Message History

Aiming: Sandblast (safe; 1% risk of failure)
Press: ? - help, Shift-Dir - straight line, f/p - two-headed ogre
Aim: a two-headed ogre, wielding a giant spiked club and a giant club The blast of sand hits the two-headed ogre.
The two-headed ogre is severely wounded.
b - 85 stones The two-headed ogre hits you with a giant spiked club!
The two-headed ogre hits you with a giant club!!
* * * LOW HITPOINT WARNING * * *
Casting: Sandblast (safe; 1% risk of failure)
Confirm with . or Enter, or press ? or * to list all spells.
Aiming: Sandblast (safe; 1% risk of failure)
Press: ? - help, Shift-Dir - straight line, f/p - two-headed ogre
Aim: a two-headed ogre, wielding a giant spiked club and a giant club (severely The blast of sand hits the two-headed ogre.
The two-headed ogre is almost dead.
b - 84 stones The two-headed ogre hits you with a giant spiked club!!
Ouch! That really hurt!
You die...

#.# ####........#.#### #.#
###.####.#.#...
#######.##########.# #.#.#.##
#..................# #.#.....
##.####.###############.###.##
#....#.#............#......#
#......#.#########.........#
#.#.#......................#
#.....##<...@#####.........#
#.#.#.######O# #.........#
#.....# #.# ########..#
#....## #.# #..# #.#.. #.#
#>... #.#.# #.# .### # #. ...
###


You could see a two-headed ogre.

Vanquished Creatures
  Erica (D:8)
  A shadow (D:6)
  2 sky beasts
  An ice beast (D:5)
  4 ogres
  3 centaurs
  3 bullfrogs
  2 crimson imps
  5 orc priests
  A bullfrog zombie (D:6)
  A centaur skeleton (D:6)
  A bullfrog skeleton (D:7)
  A hound (D:6)
  7 orc wizards
  2 iguanas
  5 worker ants
  A killer bee zombie (D:7)
  A hound skeleton (D:6)
  A howler monkey zombie (D:4)
  A worker ant zombie (D:8)
  8 gnolls
  A howler monkey skeleton (D:8)
  10 river rats (D:5)
  8 adders
  4 worms
  2 adder skeletons
  5 dart slugs
  3 leopard geckos
  31 orcs
  5 bats
  3 giant cockroaches
  8 goblins
  20 jackals
  5 kobolds
  2 quokkas
  3 ball pythons
  4 frilled lizards
  2 gnoll zombies (D:4)
  A goblin skeleton (D:4)
  A leopard gecko zombie (D:6)
  18 rats
188 creatures vanquished.

Vanquished Creatures (others)
  A centaur skeleton (D:7)
1 creature vanquished.

Grand Total: 189 creatures vanquished

Notes
Turn   | Place    | Note
-------+----------+-------------------------------------------
     0 | D:1      | Jynx the Gargoyle Earth Elementalist began the quest for
                  | the Orb.
     0 | D:1      | Reached XP level 1. HP: 10/10 MP: 3/3
   127 | D:1      | Reached skill level 4 in Earth Magic
   176 | D:1      | Reached XP level 2. HP: 15/15 MP: 1/5
   871 | D:2      | Reached XP level 3. HP: 19/19 MP: 2/6
  1880 | D:2      | Reached skill level 5 in Earth Magic
  2089 | D:3      | Reached skill level 1 in Short Blades
  2089 | D:3      | Reached XP level 4. HP: 21/24 MP: 0/7
  2515 | D:3      | Reached XP level 5. HP: 26/28 MP: 3/9
  2717 | D:4      | Reached skill level 6 in Earth Magic
  2893 | D:4      | Reached XP level 6. HP: 21/32 MP: 4/10
  2979 | D:4      | Learned a level 2 spell: Passwall
  2985 | D:4      | Learned a level 5 spell: Lee's Rapid Deconstruction
  3010 | D:4      | Found a runed door.
  3010 | D:4      | Noticed a human
  3011 | D:4      | Found a basalt altar of Yredelemnul.
  3661 | D:4      | Found a basalt altar of Yredelemnul.
  3699 | D:5      | Entered Level 5 of the Dungeon
  3775 | D:5      | Reached skill level 7 in Earth Magic
  3775 | D:5      | Reached XP level 7. HP: 17/36 MP: 8/12
  3976 | D:5      | Found an iron altar of Okawaru.
  5258 | D:6      | Noticed a shadow
  5267 | D:6      | Killed a shadow
  5267 | D:6      | Reached skill level 8 in Earth Magic
  5267 | D:6      | Reached XP level 8. HP: 6/41 MP: 7/14
  5998 | D:6      | Reached skill level 9 in Earth Magic
  6383 | D:6      | Noticed a hand axe
  6383 | D:6      | Noticed a dagger
  6385 | D:6      | Found a hide-covered altar of Uskayaw.
  6401 | D:6      | Reached skill level 5 in Spellcasting
  6889 | D:7      | Reached skill level 10 in Earth Magic
  6920 | D:7      | Found a staircase to the Ecumenical Temple.
  6965 | D:7      | Reached XP level 9. HP: 40/45 MP: 17/17
  7022 | Temple   | Entered the Ecumenical Temple
  7199 | Temple   | Became a worshipper of Vehumet
  7725 | D:7      | Reached skill level 5 in Short Blades
  8118 | D:8      | Noticed Erica
  8131 | D:8      | Killed Erica
  8131 | D:8      | Reached skill level 11 in Earth Magic
  8303 | D:8      | Found a shimmering altar of Xom.
  8548 | D:8      | Learned a level 1 spell: Flame Tongue
  8575 | D:8      | Reached * piety under Vehumet
  8575 | D:8      | Offered knowledge of Shock by Vehumet.
  8599 | D:8      | Reached skill level 1 in Fire Magic
  8620 | D:8      | Found a sparkling altar of Nemelex Xobeh.
  8620 | D:8      | Found an opulent altar of Gozag.
  8750 | D:8      | Noticed a two-headed ogre
  8754 | D:8      | Demolished by a two-headed ogre

Skill      XL: |  1  2  3  4  5  6  7  8  9 |
---------------+----------------------------+-----
Earth Magic    | 4 5 6 7 8 10 11 | 11.4
Short Blades   | 1 2 3 4 5 |  5.8
Spellcasting   | 3 4 5 6 |  6.4
Fire Magic     | 2 |  2.0
Dodging        | |  1.5
Stealth        | |  2.1
Transmutations | |  0.7

Action                   |  1- 3 |  4- 6 |  7- 9 || total
-------------------------+-------+-------+-------++-------
Melee: Unarmed           |    19 |       |       ||    19
       Dagger            |   121 |    27 |   138 ||   286
       Short sword       |       |    61 |   257 ||   318
 Cast: Sandblast         |    30 |    48 |    70 ||   148
       Lee's Rapid Decon |       |       |     2 ||     2
  Use: Scroll            |     2 |       |     9 ||    11
 Stab: Sleeping          |     3 |     1 |     5 ||     9
       Distracted        |       |       |     1 ||     1
  Eat: Chunk             |     3 |     7 |    13 ||    23
       Ration            |       |       |     1 ||     1
Armor: Robe              |    37 |    28 |   114 ||   179
Dodge: Dodged            |   107 |    75 |   242 ||   424
